 Dungeon Crawl Stone Soup version 0.25.1-2-g60ff931df9 (webtiles) character file.

Game seed: 8860473727734234373

1923 protoss039 the Thaumaturge (level 8, -4/46 HPs)
             Began as a Deep Elf Earth Elementalist on Aug 20, 2020.
             Was a Believer of Sif Muna.
             Slain by a yak (11 damage)
             ... on level 7 of the Dungeon on Aug 21, 2020.
             The game lasted 00:18:55 (7925 turns).

protoss039 the Thaumaturge (DEEE)                   Turns: 7925, Time: 00:18:55

Health: -4/46      AC:  6    Str:  9    XL:     8   Next: 96%
Magic:  20/31      EV: 13    Int: 23    God:    Sif Muna [**....]
Gold:   1642       SH:  0    Dex: 21    Spells: 9/24 levels left

rFire    . . .     SeeInvis .   c - +0 hand axe "Arcanum" {vamp, Str+4} (curse)
rCold    + . .     Gourm    .   (no shield)
rNeg     . . .     Faith    .   v - +2 leather armour {rC+}
rPois    .         Spirit   .   h - +1 hat
rElec    .         Reflect  .   w - scarf {repulsion}
rCorr    .         Harm     .   (no gloves)
MR       .....                  (no boots)
Stlth    ++........             (no amulet)
HPRegen  0.15/turn              l - ring of magical power
MPRegen  0.22/turn              u - +6 ring of dexterity

@: repel missiles
A: no striking features
a: Channel Magic, Renounce Religion


You were on level 7 of the Dungeon.
You worshipped Sif Muna.
Sif Muna was pleased with you.
You were not hungry.

You visited 1 branch of the dungeon, and saw 7 of its levels.

You collected 1642 gold pieces.

Inventory:

Hand Weapons
 c - the cursed +0 hand axe "Arcanum" (weapon) {vamp, Str+4}
   (You found it on level 6 of the Dungeon)

   It inflicts no extra harm, but heals its wielder when it wounds a living foe.
   It affects your strength (+4).
   It has a curse placed upon it.
 y - a +3 dagger
Missiles
 a - 32 stones (quivered)
Armour
 h - a +1 hat (worn)
 q - the +0 cloak of Hyrukk {MR+}
   (You found it on level 6 of the Dungeon)

   It affects your resistance to hostile enchantments.
 v - a +2 leather armour of cold resistance (worn)
 w - a scarf of repulsion (worn)
Jewellery
 l - a ring of magical power (left hand)
 u - a +6 ring of dexterity (right hand)
Wands
 j - a wand of clouds (5)
Scrolls
 e - a scroll of enchant armour
 f - 2 scrolls of fog
 g - 3 scrolls of remove curse
 k - 3 scrolls of teleportation
 n - 2 scrolls of fear
 r - a scroll of blinking
 A - a scroll of immolation {unknown}
Potions
 b - a potion of lignification {unknown}
 i - a potion of curing
 m - 3 potions of stabbing {unknown}
 o - a potion of ambrosia {unknown}
 p - 2 potions of haste {unknown}
 s - a potion of cancellation {unknown}
 t - a potion of heal wounds {unknown}
 x - 4 potions of might {unknown}
 B - a potion of resistance {unknown}
 C - a potion of brilliance {unknown}
Comestibles
 d - 12 rations
 z - 7 chunks of flesh


   Skills:
 * Level 3.3 Fighting
 * Level 2.9 Armour
 - Level 3.0 Dodging
 - Level 3.0 Stealth
 + Level 8.5 Spellcasting
 + Level 3.0 Conjurations
 - Level 1.1 Transmutations
 + Level 7.3 Earth Magic
 * Level 4.0 Invocations


You had 9 spell levels left.
You knew the following spells:

 Your Spells              Type           Power        Failure   Level  Hunger
a - Sandblast             Erth           #####.       1%          1    None
b - Passwall              Tmut/Erth      ####....     2%          2    None
c - Stone Arrow           Conj/Erth      ####..       3%          3    None
d - Petrify               Tmut/Erth      ####....     16%         4    ##.....
e - Lee's Rapid Deconstr  Erth           #####.....   12%         5    #####..

Your spell library contained the following spells:

 Spells                   Type           Power        Failure   Level  Hunger


Dungeon Overview and Level Annotations

Branches:
Dungeon (7/15)             Temple (0/1) D:7

Altars:
Ashenzari
Cheibriados
Dithmenos
Gozag
Makhleb
Nemelex Xobeh
Qazlal
Ru
Sif Muna
Trog
Wu Jian
Zin
The Shining One

Shops:
D:5 *

Annotations:
D:7 Pikel


Message History

a - 32 stones The yak gores you!
Casting: Sandblast (safe; 1% risk of failure)
Confirm with . or Enter, or press ? or * to list all spells.
Aiming: Stone Arrow (dangerous; 3% risk of failure)
Press: ? - help, Shift-Dir - straight line, f/p - yak
Aim: a yak (moderately wounded)
The stone arrow hits the yak.
The yak is heavily wounded.
The yak gores you but does no damage.
Unknown command.
The yak gores you!
* * * LOW HITPOINT WARNING * * *
Unknown command.
Okay, then.
You feel better. The yak gores you!
* * * LOW HITPOINT WARNING * * *
Unknown command.
You feel better. The yak gores you!
You die...

### # ..# ####### #..
#.....# #.# #.....##
### #Y# #......# #.. #
#Y# #......# #.# #. ##
#Y# #......# #.#
#.#.##Y## ######)# #.#
#....@#...##.###)# #.#
####.###.##>#.##.###..
#.## ##..###(#......
##.###.##.#.....####
##)#.####......####
##.## #.......... ###
##.....#### #.....#
#######


You could see 4 yaks.

Vanquished Creatures
  A hippogriff (D:7)
  2 yaks (D:7)
  A water moccasin (D:7)
  A sky beast (D:7)
  An ice beast (D:6)
  2 ogres
  2 bullfrogs (D:6)
  A wyvern skeleton (D:6)
  A scorpion (D:5)
  4 crimson imps
  A bullfrog zombie (D:5)
  3 hounds
  A bullfrog skeleton (D:6)
  A jelly (D:5)
  A quasit (D:6)
  An iguana (D:5)
  5 orc wizards
  A worker ant (D:4)
  A hound skeleton (D:5)
  A worker ant zombie (D:6)
  10 adders
  An ooze (D:2)
  3 worms
  2 dart slugs (D:1)
  11 leopard geckos
  21 orcs
  A giant cockroach (D:1)
  7 goblins
  12 hobgoblins
  7 jackals (D:3)
  7 kobolds
  3 quokkas
  3 ball pythons
  7 bats
  4 frilled lizards
  A quokka zombie (D:7)
  9 rats
141 creatures vanquished.

Notes
Turn   | Place    | Note
-------+----------+-------------------------------------------
     0 | D:1      | protoss039 the Deep Elf Earth Elementalist began the quest
                  | for the Orb.
     0 | D:1      | Reached XP level 1. HP: 10/10 MP: 6/6
   242 | D:1      | Reached XP level 2. HP: 15/15 MP: 6/8
   632 | D:1      | Reached XP level 3. HP: 19/19 MP: 6/9
  1010 | D:1      | Learned a level 2 spell: Passwall
  1014 | D:1      | Learned a level 3 spell: Stone Arrow
  1238 | D:2      | Reached skill level 4 in Spellcasting
  1571 | D:2      | Reached XP level 4. HP: 24/24 MP: 8/12
  3019 | D:3      | Reached XP level 5. HP: 23/28 MP: 7/14
  3732 | D:3      | Learned a level 4 spell: Petrify
  3817 | D:4      | Found a shattered altar of Ashenzari.
  3843 | D:4      | Reached skill level 5 in Spellcasting
  3843 | D:4      | Reached skill level 5 in Earth Magic
  4128 | D:4      | Found a shadowy altar of Dithmenos.
  4128 | D:4      | Found a stormy altar of Qazlal.
  4131 | D:4      | Found a sacrificial altar of Ru.
  4172 | D:4      | Found a bloodstained altar of Trog.
  4174 | D:4      | Found a sparkling altar of Nemelex Xobeh.
  4174 | D:4      | Found a snail-covered altar of Cheibriados.
  4175 | D:4      | Found an opulent altar of Gozag.
  4176 | D:4      | Found a burning altar of Makhleb.
  4177 | D:4      | Found an ornate altar of the Wu Jian Council.
  4178 | D:4      | Found a shimmering blue altar of Sif Muna.
  4179 | D:4      | Found a glowing golden altar of the Shining One.
  4185 | D:4      | Became a worshipper of Sif Muna the Loreminder
  4504 | D:4      | Noticed an ogre
  4509 | D:4      | Killed an ogre
  4509 | D:4      | Reached skill level 1 in Conjurations
  4615 | D:5      | Entered Level 5 of the Dungeon
  4619 | D:5      | Reached skill level 1 in Fighting
  4620 | D:5      | Reached XP level 6. HP: 30/34 MP: 11/16
  4803 | D:5      | Reached skill level 1 in Invocations
  5202 | D:5      | Reached skill level 6 in Spellcasting
  5219 | D:4      | Reached skill level 1 in Armour
  5359 | D:5      | Reached XP level 7. HP: 38/38 MP: 18/18
  5568 | D:5      | Found Atzeakhu's Lightly-Used Armoury.
  5584 | D:5      | Reached * piety under Sif Muna
  6126 | D:5      | Identified a scroll of acquirement
  6129 | D:5      | Acquired 1290 gold pieces
  6147 | D:6      | Got an iridescent hand axe
  6148 | D:6      | Identified the cursed +0 hand axe "Arcanum" {vamp, Str+4}
                  | (You found it on level 6 of the Dungeon)
  6333 | D:6      | Got a dazzling cloak
  6344 | D:6      | Identified the +0 cloak of Hyrukk {MR+} (You found it on
                  | level 6 of the Dungeon)
  6681 | D:6      | Reached skill level 7 in Spellcasting
  6854 | D:6      | Reached XP level 8. HP: 45/45 MP: 20/20
  6976 | D:6      | Found a glowing silver altar of Zin.
  7415 | D:6      | Learned a level 5 spell: Lee's Rapid Deconstruction
  7570 | D:7      | Noticed a hippogriff
  7574 | D:7      | Killed a hippogriff
  7644 | D:7      | Reached skill level 8 in Spellcasting
  7755 | D:7      | Found a staircase to the Ecumenical Temple.
  7760 | D:7      | Noticed Pikel
  7912 | D:7      | Reached ** piety under Sif Muna
  7924 | D:7      | HP: 1/46 [yak (10)]
  7925 | D:7      | Slain by a yak

Illustrated notes

Levels and vault maps discovered:
D:1:      shiori_arrival_maze, layout_basic
D:2:      layout_basic, first_ration
D:3:      layout_basic
D:4:      layout_loops_cross, minitemple, old_standard_altar,
          minmay_misc_feat_doors
D:5:      layout_basic, minmay_shop_damaged
D:6:      layout_cave_pods, zin_statuary
D:7:      layout_loops_cross, minmay_temple_entry_from_below_a, sigmund_army,
          uniq_pikel

Skill      XL: |  1  2  3  4  5  6  7  8 |
---------------+-------------------------+-----
Stealth        | 3 |  3.0
Dodging        | 3 |  3.0
Earth Magic    | 4 5 6 7 |  7.3
Spellcasting   | 4 5 6 7 8 |  8.5
Conjurations   | 1 2 3 |  3.0
Fighting       | 1 2 3 |  3.3
Invocations    | 1 2 4 |  4.0
Armour         | 1 2 |  2.9
Transmutations | |  1.1

Action                   |  1- 3 |  4- 6 |  7- 9 || total
-------------------------+-------+-------+-------++-------
Melee: Dagger            |    21 |    45 |     3 ||    69
       Unarmed           |     2 |       |       ||     2
 Cast: Sandblast         |    51 |    35 |    37 ||   123
       Stone Arrow       |     1 |    50 |    52 ||   103
       Passwall          |       |     3 |       ||     3
  Use: Scroll            |       |     9 |     4 ||    13
       Potion            |       |       |     3 ||     3
 Stab: Sleeping          |     3 |     3 |       ||     6
  Eat: Chunk             |     2 |    10 |     5 ||    17
       Ration            |       |     1 |     1 ||     2
Armor: Robe              |    10 |    15 |       ||    25
       Leather armour    |       |     3 |    10 ||    13
Dodge: Dodged            |    27 |    50 |    18 ||    95
